 Dungeon Crawl Stone Soup version 0.27.1-3-gb3d3a73c9e (webtiles) character file.

Game seed: 1463887335561829334

75 CuBeRJAN3 the Skirmisher (level 4, -15/29 HPs)
             Began as a Gargoyle Fighter on Oct 10, 2021.
             Blown up by Ijyb (27 damage)
             ... with a mindburst bolt
             ... on level 4 of the Dungeon.
             The game lasted 00:11:46 (3519 turns).

CuBeRJAN3 the Skirmisher (Gargoyle Fighter)         Turns: 3519, Time: 00:11:47

Health: -15/29     AC: 12    Str: 20    XL:     4   Next: 31%
Magic:  4/4        EV:  7    Int:  9    God:
Gold:   206        SH:  9    Dex:  9    Spells: 3/3 levels left

rFire    . . .     SeeInvis .   a - +2 flail
rCold    . . .     Faith    .   c - +0 kite shield
rNeg     + . .     Spirit   .   b - +0 scale mail
rPois    ∞         Reflect  .   (no helmet)
rElec    +         Harm     .   (no cloak)
rCorr    .         Rampage  .   i - +0 pair of gloves
Will     .....                  j - +0 pair of boots
Stlth    ..........             (no amulet)
HPRegen  0.09/turn              (no ring)
MPRegen  0.09/turn              (no ring)

@: no status effects
A: sickness immunity, AC +3, negative energy resistance 1, electricity
resistance, torment resistance 1, petrification resistance
a: no special abilities


You were on level 4 of the Dungeon.
You visited 1 branch of the dungeon, and saw 4 of its levels.

You collected 206 gold pieces.

Inventory:

Hand Weapons
 a - a +2 flail (weapon)
 p - a +0 hunting sling
Armour
 b - a +0 scale mail (worn)
 c - a +0 kite shield (worn)
 f - a +0 chain mail
 i - a +0 pair of gloves (worn)
 j - a +0 pair of boots (worn)
Scrolls
 e - a scroll of brand weapon {unknown}
 g - a scroll of amnesia {unknown}
 h - a scroll of immolation {unknown}
 k - 2 scrolls of identify {unknown}
 m - a scroll of teleportation {unknown}
 n - a scroll of noise {unknown}
Potions
 d - a potion of might
 l - a potion of mutation {unknown}
 o - 2 potions of curing {unknown}
 q - a potion of attraction {unknown}


   Skills:
 * Level 4.2 Fighting
 * Level 3.0 Maces & Flails
 + Level 3.7 Armour
 + Level 3.7 Shields


You had 3 spell levels left.
You didn't know any spells.
Your spell library contained the following spells:

 Spells                   Type           Power      Damage    Failure   Level
 Magic Dart               Conj           0%         1d3       99%         1
 Summon Small Mammal      Summ           0%         N/A       99%         1
 Blink                    Tloc           N/A        N/A       100%        2
 Call Imp                 Summ           0%         N/A       100%        2
 Call Canine Familiar     Summ           0%         N/A       100%        3
 Lesser Beckoning         Tloc           0%         N/A       100%        3
 Mephitic Cloud           Conj/Pois/Air  0%         N/A       100%        3
 Summon Guardian Golem    Hex/Summ       0%         N/A       100%        3
 Manifold Assault         Tloc           0%         N/A       100%        5


Dungeon Overview and Level Annotations

Branches:
Dungeon (4/15)
 Temple: D:4-7

Altars:
Dithmenos

Shops:
D:2 [

Annotations:
D:4 Ijyb


Innate Abilities, Weirdness & Mutations

You are immune to sickness and miasma.
Your stone body is resilient. (AC +3)
You are immune to poison.
You resist negative energy. (rN+)
You are resistant to electric shocks. (rElec)
You are resistant to unholy torment.
You are immune to petrification.


Message History

A hobgoblin comes into view.
The hobgoblin shouts!
A hobgoblin is nearby!
Found a giant club.
You barely miss the hobgoblin.
The hobgoblin hits you but does no damage.
The hobgoblin barely misses you.
You closely miss the hobgoblin.
The hobgoblin hits you but does no damage.
You hit the hobgoblin.
The hobgoblin is severely wounded.
You block the hobgoblin's attack.
The hobgoblin hits you but does no damage.
You hit the hobgoblin.
You kill the hobgoblin!
No target in view!
Ijyb the Twisted Goblin comes into view.
She is wielding a +0 dagger and carrying a wand of mindburst (16).
Ijyb shouts!
Ijyb is nearby!
Press: ? - help, v - describe, . - travel
Here: Ijyb, wielding a +0 dagger, wearing a +0 leather armour and carrying a wand of mindburst (16)
The floor.
You aren't carrying any items that you can evoke.
Unknown command.
Press: ? - help, . - travel You can't see that place. [the floor.]
You start waiting.
Ijyb is nearby!
You hit Ijyb.
Ijyb is lightly wounded.
Ijyb hits you but does no damage.
You barely miss Ijyb.
Ijyb is lightly wounded.
Ijyb zaps a wand.
Your mind is blasted!
Ijyb hits you but does no damage.
You barely miss Ijyb.
Ijyb is lightly wounded.
Ijyb zaps a wand.
Your mind is blasted!
Ijyb zaps a wand.
Your mind is blasted!
Ouch! That really hurt!
You die...

#######........
#................#
#................#
#########................###
..>........................#
...........................+
.......#######.........#...#
.......## ##.........#...##
........# #...@g.....#....##.
........# #...#..............
........# #...#.......≈≈≈≈≈≈.
........# #...######..≈≈≈≈≈≈.
........# #...# #.....≈≈>.≈≈)
........#####...###.....≈≈_⌠≈≈.
#####............##.....≈≈≈≈≈≈.
#........[...##...g?≈≈≈≈≈≈.
#####...........(##............


You could see Ijyb.

Vanquished Creatures
  A gnoll (D:1)
  An adder (D:4)
  3 worms
  An orc (D:4)
  4 ball pythons
  2 bats
  6 endoplasms
  3 goblins
  4 hobgoblins
  4 quokkas
  3 frilled lizards
  7 kobolds
  4 rats
43 creatures vanquished.

Notes
Turn   | Place    | Note
-------+----------+-------------------------------------------
     0 | D:1      | CuBeRJAN3 the Gargoyle Fighter began the quest for the Orb.
     0 | D:1      | Reached XP level 1. HP: 14/14 MP: 1/1
   354 | D:1      | Reached XP level 2. HP: 19/19 MP: 2/2
  1002 | D:1      | Reached XP level 3. HP: 22/24 MP: 3/3
  1714 | D:2      | Found Errublill's Armour Shoppe.
  2160 | D:2      | Reached skill level 4 in Fighting
  2589 | D:3      | Reached XP level 4. HP: 29/29 MP: 4/4
  2960 | D:3      | Found a faded altar of an unknown god.
  3488 | D:4      | Found a shadowy altar of Dithmenos.
  3505 | D:4      | Noticed Ijyb
  3519 | D:4      | Blown up by Ijyb

Illustrated notes

Levels and vault maps discovered:
D:1:      dpeg_arrival_brainrot, layout_basic
D:2:      layout_basic, serial_shops, nicolae_shop_trees, kennysheep_boxes
D:3:      layout_loops_ring, chequers_ecumenical_altar_grove
D:4:      layout_basic, general_overflow_altar, hex_medium, uniq_grinder,
          uniq_ijyb

Skill      XL: |  1  2  3  4 |
---------------+-------------+-----
Fighting       | 4 |  4.2
Maces & Flails | 3 |  3.0
Armour         | |  3.7
Shields        | |  3.7

Action                   |  1- 3 |  4- 6 || total
-------------------------+-------+-------++-------
Melee: Flail             |   131 |    21 ||   152
  Use: Scroll            |     2 |       ||     2
Armor: Scale mail        |    64 |    10 ||    74
Dodge: Dodged            |    32 |     6 ||    38
Block: Kite shield       |    50 |     6 ||    56
